 Dungeon Crawl Stone Soup version 0.25-a0-707-g603da07 (webtiles) character file.

Game seed: 10197609112812039424, levelgen mode: deterministic

2781 MrTaco21 the Basher (level 9, -1/51 HPs)
             Began as a Gargoyle Fighter on Apr 4, 2020.
             Was a Believer of Qazlal.
             Slain by a red ugly thing (11 damage)
             ... on level 8 of the Dungeon.
             The game lasted 00:14:49 (6197 turns).

MrTaco21 the Basher (Gargoyle Fighter)              Turns: 6197, Time: 00:14:50

Health: -1/51      AC: 17    Str: 24    XL:     9   Next: 70%
Magic:  9/9        EV:  7    Int:  8    God:    Qazlal [**....]
Gold:   326        SH: 12    Dex:  9    Spells: 8/8 levels left

rFire    + . .     SeeInvis .   o - +2 flail (protect)
rCold    . . .     Gourm    .   c - +0 kite shield
rNeg     + . .     Faith    .   b - +0 scale mail
rPois    ∞         Spirit   .   (no helmet)
rElec    +         Reflect  .   (no cloak)
rCorr    +         Harm     .   r - +2 pair of gloves
MR       .....                  y - +0 pair of boots
Stlth    ..........             (no amulet)
HPRegen  0.17/turn              i - ring of protection from fire
MPRegen  0.11/turn              t - ring of resist corrosion

@: no status effects
A: negative energy resistance 1, electricity resistance, unbreathing,
petrification resistance, rot immunity, AC +6
a: Upheaval, Renounce Religion


You were on level 8 of the Dungeon.
You worshipped Qazlal.
Qazlal was pleased with you.
You were not hungry.

You visited 2 branches of the dungeon, and saw 9 of its levels.
You also visited: Ossuary.

You collected 326 gold pieces.

Inventory:

Hand Weapons
 o - a +2 flail of protection (weapon)
   (You took it off Terence on level 2 of the Dungeon)
Missiles
 f - 29 poisoned darts (quivered)
Armour
 b - a +0 scale mail (worn)
 c - a +0 kite shield (worn)
 j - a +0 plate armour
   (You took it off a goblin on level 1 of the Dungeon)
 r - a +2 pair of gloves (worn)
   (You found it on level 3 of the Dungeon)
 y - a +0 pair of boots (worn)
   (You found it on level 5 of the Dungeon)
Jewellery
 i - a ring of protection from fire (left hand)
   (You found it on level 5 of the Dungeon)
 k - an uncursed ring of flight
   (You found it on level 6 of the Dungeon)
 t - a ring of resist corrosion (right hand)
   (You found it on level 4 of the Dungeon)
Wands
 d - a wand of iceblast (7)
   (You found it on level 6 of the Dungeon)
 l - a wand of polymorph (7)
   (You found it on level 2 of the Dungeon)
 u - a wand of paralysis (7)
   (You found it on level 7 of the Dungeon)
Scrolls
 g - 9 scrolls of remove curse {unknown}
 h - 4 scrolls of fog {unknown}
 n - a scroll of enchant armour {unknown}
 p - 2 scrolls of amnesia {unknown}
 q - a scroll of magic mapping {unknown}
 s - 2 scrolls of noise {unknown}
 v - 2 scrolls of identify {unknown}
 w - 2 scrolls of enchant weapon {unknown}
 A - a scroll of blinking {unknown}
Potions
 a - 4 potions of curing {unknown}
 m - 4 potions of flight {unknown}
 x - a potion of mutation {unknown}
 z - a potion of might
 B - a potion of ambrosia {unknown}
 C - a potion of lignification {unknown}
 D - a potion of degeneration {unknown}
 E - a potion of magic {unknown}
 F - a potion of cancellation {unknown}
 G - 2 potions of brilliance {unknown}
Comestibles
 e - 8 rations {!d}
 H - 3 chunks of flesh


   Skills:
 - Level 3.2 Fighting
 + Level 12.7 Maces & Flails
 - Level 3.2 Armour
 - Level 3.2 Shields


You had 8 spell levels left.
You didn't know any spells.
Your spell library contained the following spells:

 Spells                   Type           Power        Failure   Level  Hunger
 Corona                   Hex            #......      99%         1    ##.....
 Sandblast                Erth           #.....       99%         1    ##.....
 Passwall                 Tmut/Erth      #.......     100%        2    ###....
 Slow                     Hex            #.......     100%        2    ###....
 Inner Flame              Hex/Fire       #.......     100%        3    ####...
 Portal Projectile        Hex/Tloc       #.....       100%        3    ####...
 Stone Arrow              Conj/Erth      #.....       100%        3    ####...
 Cause Fear               Hex            #.........   100%        4    #####..
 Leda's Liquefaction      Hex/Erth       #.........   100%        4    #####..
 Petrify                  Tmut/Erth      #.......     100%        4    #####..
 Lee's Rapid Deconstruct  Erth           #.........   100%        5    ######.
 Malign Gateway           Summ/Tloc      #.........   100%        7    #######
 Monstrous Menagerie      Summ           #.........   100%        7    #######
 Summon Greater Demon     Summ           #.........   100%        7    #######
 Summon Horrible Things   Summ           #.........   100%        8    #######


Dungeon Overview and Level Annotations

Branches:
Dungeon (8/15)             Temple (1/1) D:6         Ossuary (visited)
   Lair: D:8-11

Altars:
Ashenzari
Cheibriados
Dithmenos
Elyvilon
Fedhas
Gozag
Hepliaklqana
Kikubaaqudgha
Makhleb
Nemelex Xobeh
Okawaru
Qazlal
Ru
Sif Muna
Trog
Uskayaw
Vehumet
Wu Jian
Xom
Yredelemnul
Zin
The Shining One

Shops:
D:4 !   D:5 (*   D:7 [


Innate Abilities, Weirdness & Mutations

You are resistant to torment.
Your stone body is resilient. (AC +6)
You are immune to poison.
You resist negative energy. (rN+)
You are resistant to electric shocks. (rElec)
You can survive without breathing.
You are immune to petrification.
You are immune to rotting.


Message History

You sock the hound!
Your weapon exudes an aura of protection.
The adder zombie barely misses you. The hound bites you but does no damage.
Your shield and scale mail prevent you from hitting the hound.
You block the hound's attack. The adder zombie barely misses you.
The red ugly thing barely misses you.
You sock the hound!
You kill the hound!
Qazlal accepts your kill. You block the adder zombie's attack.
The red ugly thing claws you but does no damage.
You barely miss the red ugly thing. The adder zombie closely misses you.
The red ugly thing claws you but does no damage.
You closely miss the red ugly thing. You block the adder zombie's attack.
The red ugly thing barely misses you.
You hit the red ugly thing. The adder zombie bites you.
The red ugly thing claws you!
You are engulfed in flames!
You resist.
You sock the red ugly thing! You block the adder zombie's attack.
The red ugly thing claws you but does no damage.
Your shield and scale mail prevent you from hitting the red ugly thing.
You block the adder zombie's attack. The red ugly thing claws you!
* * * LOW HITPOINT WARNING * * *
You are engulfed in flames!
You resist.
* * * LOW HITPOINT WARNING * * *
You are too injured to fight recklessly!
You are too injured to fight recklessly!
You are too injured to fight recklessly!
The adder zombie bites you but does no damage.
You block the adder zombie's attack. You block the red ugly thing's attack.
The adder zombie bites you.
* * * LOW HITPOINT WARNING * * *
You hear a shout! x2; You hear a bark!
You hear a shout!
An orc comes into view.
An orc comes into view. It is wielding a +0 whip.
The orc shouts! x2
An orc comes into view. It is wielding a +0 club.
You block the red ugly thing's attack.
Some of the chunks of flesh in your inventory have rotted away.
The red ugly thing is engulfed in blazing flames.
A worker ant comes into view.
The adder zombie is engulfed in blazing flames.
The orc is engulfed in freezing vapours.
You kill the orc!
Qazlal accepts your kill.
An orc comes into view. It is wielding a +0 club.
The red ugly thing claws you.
* * * LOW HITPOINT WARNING * * *
You are engulfed in flames!
You resist.
You die...

......................#... #.
............#............. #.
........#.#.##........ ..# ....
........#...####...### #.# ....
..........#...#....#####.## ....
.##.....###.oZ..##.##.....###....
.......o.o.Z)#..##.##.....#......
#............#.u#...#...<†.......
#..............a@........).......
.....#..........☼................
.....####..........##........$...
...#..#.............#............
......Z..............!##.........
......####............##....###..
....### ##...........##..... ..
.... $......o............ . .#..
...o.. ......... .


You could see a red ugly thing, a worker ant, 3 orcs and an adder zombie.

Vanquished Creatures
  An ice beast (D:7)
  A black bear (D:6)
  3 sky beasts
  2 phantoms
  2 centaurs (D:6)
  4 ogres
  3 elf zombies (D:7)
  2 bullfrogs
  4 water moccasin zombies (Ossuary)
  An elf skeleton (D:7)
  A scorpion (D:5)
  4 killer bees (D:7)
  2 howler monkeys (D:7)
  A centaur zombie (D:5)
  A crimson imp (D:8)
  2 hounds
  2 jellies
  An orc priest (D:5)
  2 orc wizards
  A human zombie (D:7)
  A human skeleton (D:7)
  Terence (D:2)
  An iguana (D:4)
  3 worker ants
  2 big kobold zombies (Ossuary)
  A hound zombie (D:6)
  2 mummies (Ossuary)
  A hound skeleton (D:5)
  A worker ant zombie (D:6)
  3 adders
  3 oozes
  2 adder zombies
  An adder skeleton (D:7)
  4 worms
  6 dart slugs
  4 leopard geckos
  20 orcs
  7 bats
  9 giant cockroaches
  11 goblins
  8 hobgoblins
  12 jackals
  10 kobolds
  4 ball pythons
  5 frilled lizards
  2 gnoll zombies (Ossuary)
  7 hobgoblin zombies (Ossuary)
  3 kobold zombies (Ossuary)
  2 leopard gecko skeletons (D:4)
  A leopard gecko zombie (D:6)
  8 orc zombies (Ossuary)
  A quokka zombie (D:5)
  6 rats
192 creatures vanquished.

Notes
Turn   | Place    | Note
-------+----------+-------------------------------------------
     0 | D:1      | MrTaco21 the Gargoyle Fighter began the quest for the Orb.
     0 | D:1      | Reached XP level 1. HP: 14/14 MP: 1/1
   118 | D:1      | Reached XP level 2. HP: 18/19 MP: 2/2
   305 | D:1      | Reached skill level 3 in Maces & Flails
   338 | D:1      | Reached XP level 3. HP: 14/23 MP: 3/3
   689 | D:1      | Reached skill level 4 in Maces & Flails
   848 | D:2      | Found a faded altar of an unknown god.
   855 | D:2      | Reached XP level 4. HP: 28/28 MP: 4/4
  1003 | D:2      | Noticed Terence
  1010 | D:2      | Killed Terence
  1138 | D:2      | Found an ornate altar of the Wu Jian Council.
  1584 | D:3      | Reached skill level 5 in Maces & Flails
  1613 | D:3      | Reached XP level 5. HP: 32/32 MP: 5/5
  2075 | D:3      | Found a sacrificial altar of Ru.
  2242 | D:4      | Found Erhogidun's Distillery.
  2362 | D:4      | Reached skill level 6 in Maces & Flails
  2410 | D:4      | Reached XP level 6. HP: 37/37 MP: 6/6
  2423 | D:4      | Noticed a phantom
  2463 | D:4      | Killed a phantom
  2463 | D:4      | Reached skill level 7 in Maces & Flails
  2737 | D:5      | Entered Level 5 of the Dungeon
  2744 | D:5      | Reached XP level 7. HP: 40/41 MP: 7/7
  3111 | D:5      | Reached skill level 8 in Maces & Flails
  3202 | D:5      | Found Vemeluc's Weapon Shop.
  3389 | D:5      | Found Kiociwor's Assorted Antiques.
  3704 | D:6      | Reached skill level 9 in Maces & Flails
  3704 | D:6      | Reached XP level 8. HP: 46/46 MP: 8/8
  4115 | D:6      | Found a staircase to the Ecumenical Temple.
  4320 | D:6      | Reached skill level 10 in Maces & Flails
  4368 | D:6      | Found a hide-covered altar of Uskayaw.
  4768 | Temple   | Entered the Ecumenical Temple
  5014 | Temple   | Became a worshipper of Qazlal Stormbringer
  5217 | D:7      | Found a sand-covered staircase.
  5253 | D:7      | Reached skill level 11 in Maces & Flails
  5326 | Ossuary  | Entered an ossuary
  5424 | Ossuary  | Reached * piety under Qazlal
  5438 | Ossuary  | Reached XP level 9. HP: 48/51 MP: 9/9
  5631 | D:7      | Found Jaes Iwu's Armour Boutique.
  5639 | D:7      | Reached skill level 12 in Maces & Flails
  5778 | D:7      | Reached ** piety under Qazlal
  5949 | D:8      | Noticed a red ugly thing
  6197 | D:8      | Slain by a red ugly thing

Levels and vault maps discovered:
D:1:      lemuel_arrival_broad_hall, layout_loops_ring
D:2:      layout_basic, old_standard_altar, chequers_ecumenical_altar_island,
          uniq_terence
D:3:      layout_basic, first_ration, hangedman_ru_absence
D:4:      layout_cave_pools, serial_shops, nicolae_shop_statue_plus
D:5:      layout_loops_ring, serial_shops, shop, shop_fountains
D:6:      layout_basic, minmay_temple_entry_butterflies, basic_altar
D:7:      layout_rooms, nicolae_ossuary_entry_catacombs, serial_shops, shop
D:8:      layout_cave_pools, uniq_maurice, uniq_grum
Temple:   roderic_octagonal_lattice_temple

Skill      XL: |  1  2  3  4  5  6  7  8  9 |
---------------+----------------------------+-----
Maces & Flails | 3 4 5 6 7 9 11 12 | 12.7
Fighting       | |  3.2
Armour         | |  3.2
Shields        | |  3.2

Action                   |  1- 3 |  4- 6 |  7- 9 || total
-------------------------+-------+-------+-------++-------
Melee: Flail             |   151 |   210 |   433 ||   794
Throw: Dart              |       |       |     5 ||     5
  Eat: Chunk             |       |     7 |     8 ||    15
       Ration            |       |       |     1 ||     1
Armor: Scale mail        |   107 |   122 |   255 ||   484
Dodge: Dodged            |    63 |    52 |   100 ||   215
Block: Kite shield       |    95 |   101 |   193 ||   389

Table legend:
 A = Non-vault XP
 B = Vault XP
 C = Vault XP percentage of total XP
 D = Non-vault monster count
 E = Vault monster count
 F = Vault count percentage of total count
                 A         B        C        D         E       F
            +---------+---------+-------+---------+---------+-------
      Total |    3088 |     885 |  22.3 |     156 |      36 |  18.8
            +---------+---------+-------+---------+---------+-------
        D:1 |      73 |       0 |   0.0 |      35 |       0 |   0.0
        D:2 |      50 |      36 |  41.9 |      14 |       1 |   6.7
        D:3 |      55 |       0 |   0.0 |      27 |       0 |   0.0
        D:4 |     347 |       0 |   0.0 |      16 |       0 |   0.0
        D:5 |     588 |       0 |   0.0 |      23 |       0 |   0.0
        D:6 |     790 |       0 |   0.0 |      15 |       0 |   0.0
        D:7 |     951 |     435 |  31.4 |      20 |       6 |  23.1
        D:8 |     234 |       0 |   0.0 |       6 |       0 |   0.0
    Ossuary |       0 |     414 | 100.0 |       0 |      29 | 100.0
            +---------+---------+-------+---------+---------+-------
